 Dungeon Crawl Stone Soup version 0.30.0-10-gfe55d96785 (webtiles) character file.

Game seed: 5687712191478541701

635 Strat the Ruffian (level 7, -3/66 HPs)
             Began as a Troll Fighter on May 16, 2023.
             Was an Initiate of Makhleb.
             Killed from afar by a white imp (7 damage)
             ... with a puff of frost
             ... on level 5 of the Dungeon.
             The game lasted 00:09:53 (2027 turns).

Strat the Ruffian (Troll Fighter)                   Turns: 2027, Time: 00:09:54

Health: -3/66      AC:  6    Str: 27    XL:     7   Next: 25%
Magic:  6/6        EV:  9    Int:  4    God:    Makhleb [......]
Gold:   282        SH:  8    Dex:  9    Spells: 6/6 levels left

rFire   . .          .
                       - Unarmed
rCold   . . .        b - +0 kite shield
rNeg    . . .        a - +0 robe
rPois   .            g - +2 hat
rElec   .            (no cloak)
rCorr   .            (gloves unavailable)
SInv    .            (boots unavailable)
Will    .....        (no amulet)
Stlth   +            (no ring)
HPRegen 1.11/turn    (no ring)
MPRegen 0.10/turn

%: no passive effects
@: hasted, very quick
A: large, unfitting armour, claws 3, regeneration 1, shaggy fur 1, tough skin 1
a: Renounce Religion


You were on level 5 of the Dungeon.
You worshipped Makhleb.
Makhleb was noncommittal.
You visited 2 branches of the dungeon, and saw 6 of its levels.

You collected 282 gold pieces.

Inventory:

Missiles
 j - 2 throwing nets (quivered)
Armour
 a - a +0 robe (worn)
 b - a +0 kite shield (worn)
 g - a +2 hat (worn)
Wands
 f - a wand of roots (8)
 p - a wand of paralysis (4)
Scrolls
 d - a scroll of identify
 e - a scroll of fog {unknown}
 l - 3 scrolls of teleportation {unknown}
 q - 3 scrolls of immolation {unknown}
Potions
 c - 2 potions of might
 h - a potion of lignification {unknown}
 i - 2 potions of haste
 m - 2 potions of flight {unknown}
 n - a potion of ambrosia {unknown}
 o - a potion of invisibility


   Skills:
 - Level 2.4 Fighting
 - Level 2.4 Dodging
 + Level 4.9 Shields
 * Level 6.7 Unarmed Combat


You had 6 spell levels left.
You didn't know any spells.
Your spell library was empty.

Dungeon Overview and Level Annotations

Branches:
Dungeon (5/15)             Temple (1/1) D:5

Altars:
Elyvilon
Kikubaaqudgha
Makhleb
Nemelex Xobeh
Okawaru
Qazlal
Ru
Trog
Uskayaw
Vehumet
Yredelemnul
The Shining One

Shops:
D:3 =   D:4 [

Annotations:
D:4 Grinder


Innate Abilities, Weirdness & Mutations

You are too large for most types of armour.
You have claws for hands.
Your natural rate of healing is unusually fast.
You are covered in fur. (AC +1)
You have tough skin. (AC +1)


Message History

You closely miss the adder. You block the adder's attack.
You closely miss the adder. The adder bites you but does no damage.
You block the adder's attack.
You claw the adder!
You kill the adder!
Makhleb accepts your kill. The komodo dragon bites you!!
* * * LOW HITPOINT WARNING * * *
You feel yourself speed up. You block the komodo dragon's attack.
The white imp hits you.
* * * LOW HITPOINT WARNING * * *
The white imp freezes you.
* * * LOW HITPOINT WARNING * * *
You closely miss the komodo dragon. You mangle the komodo dragon!!
The komodo dragon is heavily wounded.
You block the komodo dragon's attack. The white imp hits you.
* * * LOW HITPOINT WARNING * * *
The white imp freezes you.
* * * LOW HITPOINT WARNING * * *
The iguana bites you!
* * * LOW HITPOINT WARNING * * *
You scratch the komodo dragon.
The komodo dragon is heavily wounded.
The komodo dragon bites you!!
* * * LOW HITPOINT WARNING * * *
You barely miss the komodo dragon.
The komodo dragon is heavily wounded.
You block the white imp's attack. The iguana barely misses you.
You closely miss the komodo dragon.
The komodo dragon is heavily wounded.
The komodo dragon completely misses you.
The white imp hits you but does no damage.
The iguana bites you.
* * * LOW HITPOINT WARNING * * *
Okay, then.
Okay, then.
The white imp gestures at you. The puff of frost hits you!
You die...

#......#.#....##..........<.#
#......#.#............#.....
#......#.####.##......#...#
.#......#......##......#...#
.............# ###........#
.##....#..5..######........#
...^...#..................####
.......+..ll..................
.......#.....@..............#.
.......#....................#.
.......#.............#......#.
.##....#.....####....#......#.
#.....# #....#......## #.....#
############# #######


You could see a komodo dragon, an iguana and a white imp.

Vanquished Creatures
  A black bear (D:5)
  An ogre (D:4)
  An ice beast (D:3)
  A phantom (D:5)
  A scorpion (D:5)
  An orc wizard (D:3)
  5 gnolls
  6 adders
  An ufetubus (D:4)
  7 worms
  2 dart slugs
  11 orcs
  7 bats
  5 endoplasms
  A giant cockroach (D:2)
  7 goblins
  7 hobgoblins
  4 kobolds
  3 quokkas
  4 ball pythons
  8 frilled lizards
  3 rats
87 creatures vanquished.

Notes
Turn   | Place    | Note
-------+----------+-------------------------------------------
     0 | D:1      | Strat the Troll Fighter began the quest for the Orb.
     0 | D:1      | Reached XP level 1. HP: 22/22 MP: 0/0
   277 | D:1      | Reached XP level 2. HP: 29/29 MP: 1/1
   426 | D:2      | Reached skill level 3 in Unarmed Combat
   426 | D:2      | Reached XP level 3. HP: 36/36 MP: 2/2
   748 | D:2      | Reached XP level 4. HP: 44/44 MP: 3/3
   927 | D:3      | Reached skill level 4 in Unarmed Combat
  1111 | D:3      | Found a sparkling altar of Nemelex Xobeh.
  1257 | D:3      | Found Ciclueta's Jewellery Boutique.
  1346 | D:3      | Noticed an ice beast
  1366 | D:3      | Killed an ice beast
  1367 | D:3      | Reached skill level 5 in Unarmed Combat
  1367 | D:3      | Reached XP level 5. HP: 35/50 MP: 4/4
  1426 | D:4      | Noticed an ogre
  1426 | D:4      | Found Atonn's Armour Shoppe.
  1431 | D:4      | Killed an ogre
  1432 | D:4      | Reached XP level 6. HP: 37/59 MP: 5/5
  1602 | D:4      | Noticed Grinder
  1875 | D:5      | Entered Level 5 of the Dungeon
  1879 | D:5      | Found a staircase to the Ecumenical Temple.
  1894 | Temple   | Entered the Ecumenical Temple
  1928 | Temple   | Became a worshipper of Makhleb the Destroyer
  1965 | D:5      | Reached skill level 6 in Unarmed Combat
  1996 | D:5      | Reached XP level 7. HP: 66/66 MP: 6/6
  2009 | D:5      | Noticed a komodo dragon
  2022 | D:5      | HP: 1/66 [komodo dragon (25)]
  2027 | D:5      | Killed from afar by a white imp

Illustrated notes

Levels and vault maps discovered:
D:1:      onia_arrival_mini_maze_b, layout_loops_ring, serial_rivers,
          chequers_serial_rivers_large_a, chequers_serial_rivers_small_3,
          chequers_serial_rivers_small_a, chequers_serial_rivers_micro_b,
          chequers_serial_rivers_micro_b
D:2:      layout_loops_ring, minmay_tetromino_t2
D:3:      minmay_bubble_buster, layout_basic, pf_just_have_faith,
          mainiacjoe_overflow_six_doors_small, serial_shops, shop
D:4:      layout_cave_pools, serial_shops, shop, uniq_grinder
D:5:      layout_basic, mainiacjoe_overflow_boulevard,
          minmay_temple_entry_large_hall
Temple:   hellmonk_temple_of_storms

Skill      XL: |  1  2  3  4  5  6 |
---------------+-------------------+-----
Shields        | 3 4 |  4.9
Unarmed Combat | 3 5 6 |  6.7
Fighting       | |  2.4
Dodging        | |  2.4

Action                     |  1- 3 |  4- 6 |  7- 9 || total
---------------------------+-------+-------+-------++-------
  Melee: Unarmed           |    83 |   166 |    13 ||   262
    Use: Scroll            |       |     4 |       ||     4
         Potion            |       |       |     1 ||     1
 Armour: Robe              |    22 |    59 |     2 ||    83
  Dodge: Dodged            |    22 |    66 |     5 ||    93
  Block: Kite shield       |    20 |    75 |     6 ||   101
